 Dungeon Crawl Stone Soup version 0.29-a0-338-g1ff7896281 (webtiles) character file.

Game seed: 770024313704465342

213 Murumi the Skirmisher (level 5, -3/45 HPs)
             Began as a Demigod Fighter on Apr 19, 2022.
             Slain by an iguana (8 damage)
             ... on level 4 of the Dungeon.
             The game lasted 00:07:19 (3222 turns).

Murumi the Skirmisher (Demigod Fighter)             Turns: 3222, Time: 00:07:20

Health: -3/45      AC: 11    Str: 17    XL:     5   Next: 32%
Magic:  7/7        EV:  7    Int: 10    God:
Gold:   86         SH:  6    Dex: 17    Spells: 4/4 levels left

rFire   . . .      SeeInvis .   a - +1 long sword
rCold   . . .      Faith    .   c - +1 buckler
rNeg    . . .      Spirit   .   l - +0 chain mail
rPois   .          Reflect  .   j - +0 helmet
rElec   .          Harm     .   (no cloak)
rCorr   .          Rampage  .   h - +0 pair of gloves
Will    .....                   (no boots)
Stlth   ..........              (no amulet)
HPRegen 0.15/turn               (no ring)
MPRegen 0.10/turn               (no ring)

@: no status effects
A: high MP 1, forlorn, divine attributes
a: no special abilities


You were on level 4 of the Dungeon.
You visited 1 branch of the dungeon, and saw 4 of its levels.

You collected 106 gold pieces.
You spent 20 gold pieces at shops.

Inventory:

Hand Weapons
 a - a +1 long sword (weapon)
Armour
 c - a +1 buckler (worn)
 h - a +0 pair of gloves (worn)
 j - a +0 helmet (worn)
 l - a +0 chain mail (worn)
Scrolls
 i - 2 scrolls of enchant armour
Potions
 b - a potion of curing {unknown}
 d - a potion of might
 e - 2 potions of attraction
 f - 2 potions of haste
 g - 4 potions of flight
 k - a potion of invisibility


   Skills:
 - Level 3.0 Fighting
 + Level 3.0 Long Blades
 - Level 3.0 Armour
 - Level 3.0 Dodging
 - Level 2.0 Stealth
 - Level 3.0 Shields


You had 4 spell levels left.
You didn't know any spells.
Your spell library contained the following spells:

 Spells                   Type           Power      Damage    Failure   Level
 Static Discharge         Conj/Air       0%         N/A       100%        2
 Inner Flame              Hex/Fire       0%         N/A       100%        3
 Cause Fear               Hex            0%         N/A       100%        4
 Dispel Undead            Necr           0%         3d6       100%        4
 Sticky Flame             Conj/Fire      0%         2d3       100%        4
 Discord                  Hex            0%         N/A       100%        8


Dungeon Overview and Level Annotations

Branches:
Dungeon (4/15)
 Temple: D:4-7

Shops:
D:2 ?


Innate Abilities, Weirdness & Mutations

You have an increased reservoir of magic. (+10% MP)
You shall have no god before yourself.
Your divine heritage dramatically boosts your attributes as you level up.


Message History

The iguana is moderately wounded.
The iguana bites you but does no damage.
The iguana bites you.
You hit the iguana.
The iguana is heavily wounded.
The iguana barely misses you.
You hit the iguana.
The iguana is heavily wounded.
The iguana bites you but does no damage.
You closely miss the iguana.
The iguana is heavily wounded.
The iguana closely misses you. The iguana bites you.
* * * LOW HITPOINT WARNING * * *
You closely miss the iguana.
The iguana is heavily wounded.
The iguana bites you but does no damage.
Unknown command.
You hit the iguana but do no damage.
The iguana is heavily wounded.
The iguana bites you but does no damage.
You barely miss the iguana.
The iguana is heavily wounded.
The iguana bites you but does no damage.
You hit the iguana.
The iguana is severely wounded.
The iguana bites you.
* * * LOW HITPOINT WARNING * * *
The iguana bites you but does no damage.
You hit the iguana but do no damage.
The iguana is severely wounded.
The iguana bites you but does no damage.
Unknown command.
You hit the iguana but do no damage.
The iguana is severely wounded.
The iguana bites you.
* * * LOW HITPOINT WARNING * * *
You hit the iguana but do no damage.
The iguana is severely wounded.
The iguana bites you!
You die...

#..# #
#..# #
#..# ...
##..###
....
#..... ##.
#...#####.
#
#...)....#
#l#.#####.
#@#.#
#.....#
#.###.#
#.# .. #$#
## #.. ###


You could see an iguana.

Vanquished Creatures
  An ogre (D:4)
  A hound (D:4)
  3 adders
  3 dart slugs
  4 orcs (D:3)
  7 bats
  12 endoplasms
  2 giant cockroaches
  9 goblins
  4 hobgoblins
  3 quokkas
  3 ball pythons (D:1)
  4 frilled lizards
  4 kobolds
  A rat (D:3)
61 creatures vanquished.

Notes
Turn   | Place    | Note
-------+----------+-------------------------------------------
     0 | D:1      | Murumi the Demigod Fighter began the quest for the Orb.
     0 | D:1      | Reached XP level 1. HP: 18/18 MP: 3/3
   290 | D:1      | Reached XP level 2. HP: 16/26 MP: 4/4
   879 | D:1      | Reached skill level 1 in Dodging
  1228 | D:2      | Reached XP level 3. HP: 23/31 MP: 5/5
  1320 | D:2      | Reached skill level 1 in Stealth
  1767 | D:2      | Found Qiubru Goro's Magic Scroll Emporium.
  1986 | D:2      | Bought a scroll of identify for 20 gold pieces
  2351 | D:3      | Reached XP level 4. HP: 35/38 MP: 6/6
  3058 | D:4      | Noticed an ogre
  3065 | D:4      | Killed an ogre
  3066 | D:4      | Reached XP level 5. HP: 31/45 MP: 7/7
  3222 | D:4      | Slain by an iguana

Illustrated notes

Levels and vault maps discovered:
D:1:      tarquinn_simple_flora_water_c, layout_rooms, serial_glass,
          glass_columns_a, glass_columns_a, glass_columns_b, glass_columns_b,
          glass_columns_b
D:2:      layout_rooms, serial_shops, nicolae_shop_trees, grunt_ministairs_2
D:3:      layout_basic, minmay_strange_pillars,
          wander_ebering_terrifying_dragon_lair
D:4:      layout_loops_ring, serial_shops, shop

Skill      XL: |  1  2  3  4  5 |
---------------+----------------+-----
Long Blades    | 2 3 |  3.0
Fighting       | 3 |  3.0
Armour         | 3 |  3.0
Shields        | 3 |  3.0
Dodging        | 1 2 3 |  3.0
Stealth        | 1 2 |  2.0

Action                   |  1- 3 |  4- 6 || total
-------------------------+-------+-------++-------
Melee: Long sword        |   155 |    72 ||   227
  Use: Scroll            |    12 |       ||    12
Armor: Scale mail        |    68 |     8 ||    76
       Chain mail        |       |    26 ||    26
Dodge: Dodged            |    81 |    22 ||   103
Block: Buckler           |    49 |    17 ||    66

Table legend: (Time is in decaauts)
 A = Elapsed time spent in this place.
 B = Non-inter-level travel time spent in this place.
 C = Inter-level travel time spent in this place.
 D = Time resting spent in this place.
 E = Time spent auto-exploring this place.
 F = Levels seen in this place.
 G = Mean time per level.
                   A        B        C        D        E       F      G
               +--------+--------+--------+--------+--------+-----+--------+
         Total |   3305 |   3110 |    195 |    140 |   2358 |   4 |  826.2 |
       Dungeon |   3305 |   3110 |    195 |    140 |   2358 |   4 |  826.2 |
               +--------+--------+--------+--------+--------+-----+--------+

Top non-repeatable levels by time:
     D:1: 1327 daAuts
     D:3: 1105 daAuts
     D:2: 824 daAuts
     D:4: 48 daAuts
